 Dungeon Crawl Stone Soup version 0.28.0-53-g5a82cb258f (webtiles) character file.

Game seed: 1619696395287940838

575 Ashen the Chiller (level 7, -35/79 HPs)
             Began as a Demonspawn Ice Elementalist on July 25, 2022.
             Killed by an exploding shadow imp (40 damage)
             ... ignited by their inner flame
             ... on level 5 of the Dungeon.
             The game lasted 00:12:07 (4606 turns).

Ashen the Chiller (Demonspawn Ice Elementalist)     Turns: 4606, Time: 00:12:07

Health: -35/79     AC: 23    Str:  9    XL:     7   Next: 12%
Magic:  7/12       EV:  2    Int: 18    God:
Gold:   105        SH:  0    Dex: 13    Spells: 9/13 levels left

rFire   . . .      SeeInvis +   o - +1 dagger (venom)
rCold   . . .      Faith    .   (no shield)
rNeg    . . .      Spirit   .   (armour currently unavailable)
rPois   +          Reflect  .   (helmet currently unavailable)
rElec   .          Harm     .   (cloak currently unavailable)
rCorr   +          Rampage  .   (gloves currently unavailable)
Will    .....      NoTele   +   (boots currently unavailable)
Stlth   ++........              (no amulet)
HPRegen 0.23/turn               c - ring of see invisible
MPRegen 0.13/turn               d - ring of resist corrosion

@: agile, tree-form, freezing walls
A: stationary, stasis, torment immunity, boosted hp, rugged brown scales 1,
ignite blood 1, powered by pain 1, (demonic touch 1)
a: no special abilities


You were on level 5 of the Dungeon.
You were a tree.
You visited 1 branch of the dungeon, and saw 5 of its levels.

You collected 105 gold pieces.

Inventory:

Hand Weapons
 h - a +0 long sword
 o - a +1 dagger of venom (weapon)
Armour
 a - a +0 robe (melded)
 i - a +0 cloak (melded)
 q - a +0 robe
Magical Staves
 k - a staff of cold
Jewellery
 c - a ring of see invisible (left branch)
 d - a ring of resist corrosion (right branch)
 f - a +6 ring of dexterity
Potions
 g - a potion of might


   Skills:
 + Level 3.1 Fighting
 + Level 3.4 Dodging
 + Level 3.7 Stealth
 + Level 3.6 Spellcasting
 + Level 4.8 Ice Magic


You had 9 spell levels left.
You knew the following spells:

 Your Spells              Type           Power      Damage    Failure   Level
a - Freeze                Ice            80%        1d9       2%          1
b - Frozen Ramparts       Ice            40%        1d6       6%          3

Your spell library contained the following spells:

 Spells                   Type           Power      Damage    Failure   Level
 Ozocubu's Armour         Ice            20%        N/A       6%          3
 Foxfire                  Conj/Fire      12%        2x1d4     16%         1
 Blink                    Tloc           6%         N/A       24%         2
 Conjure Flame            Conj/Fire      3%         6-21      43%         3
 Inner Flame              Hex/Fire       3%         N/A       43%         3
 Lesser Beckoning         Tloc           3%         N/A       43%         3
 Hailstorm                Conj/Ice       11%        3d5       50%         4
 Flame Wave               Conj/Fire      3%         2d4       83%         4
 Manifold Assault         Tloc           3%         N/A       99%         5


Dungeon Overview and Level Annotations

Branches:
Dungeon (6/15)
 Temple: D:4-7

Altars:


Innate Abilities, Weirdness & Mutations

You are a tree.
Your roots penetrate the ground, keeping you stationary.
You cannot be teleported.
You are immune to unholy pain and torment.
Your maximum health is greatly increased.
Your equipment is partially melded.
(You are partially covered in rugged brown scales. (AC +1, +3% HP))
Your demonic aura sometimes causes spilled blood to erupt in flames.
You sometimes gain a little power by taking damage.
((Your touch may inflict minor irresistible damage on your foes.))


Message History

The shadow imp resists.
The wall freezes the shadow imp.
Flame seeps out of the shadow imp.
The shadow imp hits you but does no damage.
Casting: Frozen Ramparts (dangerous; 7% risk of failure)
Confirm with . or Enter, or press ? or * to list all spells.
Aiming: Freeze (safe; 2% risk of failure)
Press: ? - help, Shift-Dir - straight line, f - black bear
Aim: a black bear (purple smoke, almost dead, berserk, extremely poisoned)
You freeze the black bear.
The black bear is almost dead.
The bullfrog zombie completely resists.
The wall freezes the bullfrog zombie but does no damage.
The wall freezes the black bear.
You kill the black bear!
The shadow imp completely resists.
The wall freezes the shadow imp but does no damage.
The shadow imp hits you.
* * * LOW HITPOINT WARNING * * *
The bullfrog zombie completely resists.
The wall freezes the bullfrog zombie but does no damage.
You have reached level 7!
Your demonic ancestry asserts itself...
Your hands begin to faintly glow with unholy energy.
Okay, then.
You barely miss the shadow imp.
The shadow imp is lightly wounded.
The shadow imp completely resists.
The wall freezes the shadow imp but does no damage.
The shadow imp barely misses you.
The bullfrog zombie completely resists.
The wall freezes the bullfrog zombie but does no damage.
You hit the shadow imp but do no damage.
The shadow imp is poisoned.
The shadow imp is lightly wounded.
Flame seeps out of the shadow imp.
The bullfrog zombie completely resists.
The wall freezes the bullfrog zombie but does no damage.
The shadow imp is engulfed in blazing flames.
The shadow imp explodes!
The fiery explosion engulfs you!!!
Ouch! That really hurt!
You die...

#............
#.............#
###...........(.#
................#
..............[.
...............
............... #.##
#§# #..# #♣# ##.#
#○#
#.###Z############
#..##§##.........#
##.##§##.........#
#..#Z##.........#
##.#§##.........#
#...##.........#
##..##.........#####


You could see a bullfrog zombie (inner flame).

Vanquished Creatures
  A black bear (D:5)
  A sky beast (D:6)
  2 centaurs
  Crazy Yiuf (D:2)
  2 jellies (D:3)
  A centaur skeleton (D:6)
  An orc wizard (D:6)
  An adder (D:3)
  A shadow imp (D:5)
  A worm (D:2)
  3 dart slugs
  4 orcs (D:6)
  4 ball pythons
  15 endoplasms
  2 giant cockroaches
  4 goblins (D:1)
  5 hobgoblins
  3 jackals (D:1)
  8 kobolds
  3 quokkas (D:1)
  7 bats
  2 frilled lizards (D:3)
  5 rats
77 creatures vanquished.

Vanquished Creatures (others)
  4 fungi
  11 toadstools (D:3)
15 creatures vanquished.

Grand Total: 92 creatures vanquished

Notes
Turn   | Place    | Note
-------+----------+-------------------------------------------
     0 | D:1      | Ashen the Demonspawn Ice Elementalist began the quest for
                  | the Orb.
     0 | D:1      | Reached XP level 1. HP: 13/13 MP: 3/3
    62 | D:1      | Found a faded altar of an unknown god.
   437 | D:1      | Gained mutation: You are partially covered in rugged brown
                  | scales. (AC +1, +3% HP) [demonic ancestry]
   437 | D:1      | Reached XP level 2. HP: 10/20 MP: 1/5
  1066 | D:1      | Reached skill level 1 in Fighting
  1085 | D:1      | Gained mutation: You sometimes gain a little power by
                  | taking damage. [demonic ancestry]
  1085 | D:1      | Reached XP level 3. HP: 9/26 MP: 0/6
  1992 | D:2      | Learned a level 3 spell: Frozen Ramparts
  2637 | D:2      | Found a runed translucent door.
  2638 | D:2      | Noticed Crazy Yiuf
  2645 | D:2      | Killed Crazy Yiuf
  2646 | D:2      | Reached skill level 4 in Ice Magic
  2646 | D:2      | Reached XP level 4. HP: 32/32 MP: 0/7
  3422 | D:3      | Reached XP level 5. HP: 22/39 MP: 2/9
  3874 | D:3      | You fall into a shaft and drop 3 floors!
  3892 | D:5      | Entered Level 5 of the Dungeon
  3905 | D:5      | Noticed a black bear
  3924 | D:5      | Noticed a centaur
  3933 | D:5      | Killed a centaur
  4197 | D:6      | Gained mutation: Your demonic aura sometimes causes spilled
                  | blood to erupt in flames. [demonic ancestry]
  4197 | D:6      | Reached XP level 6. HP: 24/47 MP: 4/10
  4206 | D:6      | HP: 3/70 [poisoned by an orc wizard]
  4542 | D:6      | Noticed a sky beast
  4571 | D:6      | Killed a sky beast
  4605 | D:5      | Gained mutation: Your touch may inflict minor irresistible
                  | damage on your foes. [demonic ancestry]
  4605 | D:5      | Reached XP level 7. HP: 5/53 MP: 7/12
  4606 | D:5      | Killed by an exploding shadow imp... ignited by their inner
                  | flame

Illustrated notes

Levels and vault maps discovered:
D:1:      dpeg_arrival_brainrot, layout_loops_ring,
          hellmonk_ecumenical_altar_pennies_from_heaven
D:2:      layout_basic, uniq_crazy_yiuf_cottage
D:3:      cheibrodos_fertilizer, layout_basic
D:5:      layout_basic, kennysheep_vampire_church, serial_glass,
          glass_columns_b, glass_columns_a, uniq_duvessa, uniq_ijyb
D:6:      layout_rooms, uniq_maggie

Skill      XL: |  1  2  3  4  5  6 |
---------------+-------------------+-----
Stealth        | 2 3 |  3.7
Dodging        | 2 3 |  3.4
Fighting       | 1 2 3 |  3.1
Ice Magic      | 4 |  4.8
Spellcasting   | 3 |  3.6

Action                   |  1- 3 |  4- 6 |  7- 9 || total
-------------------------+-------+-------+-------++-------
Melee: Unarmed           |    45 |       |       ||    45
       Punch             |     2 |       |       ||     2
       Long sword        |    10 |    54 |       ||    64
       Dagger            |       |    22 |     2 ||    24
 Cast: Freeze            |    65 |     7 |       ||    72
       Frozen Ramparts   |     1 |    10 |       ||    11
  Use: Potion            |       |     5 |       ||     5
       Scroll            |       |     2 |       ||     2
 Stab: Sleeping          |     9 |     5 |       ||    14
Armor: Robe              |    19 |    26 |       ||    45
       Skin              |       |     8 |       ||     8
Dodge: Dodged            |    57 |    83 |     1 ||   141
